BSA
PLYMOUTH ROCKS @ BOSTON REBELS
04/07/2026
 
TOP OF THE 1ST
Plymouth Rocks batting - Pitching for Boston Rebels : LHP José Hidalgo
Pitching: LHP José Hidalgo
Batting: RHB José Flores 0-0: Ball
1-0: Foul Ball, location: 2F
1-1: Ball
2-1: SINGLE (Flyball, 8RS)
Batting: RHB António Zúńiga 0-0: Ball
1-0: Ball
2-0: Ball
3-0: Swinging Strike
3-1: Base on Balls
José Flores to second
Batting: LHB Roy Patrick 0-0: Ball
1-0: Called Strike
1-1: Called Strike
1-2: Ball
2-2: Foul Ball, location: 2F
2-2: Strikes out swinging
Batting: SHB Greg Welch 0-0: Foul Ball, location: 2F
0-1: Ball
1-1: Foul Ball, location: 2F
1-2: Ball
2-2: Fly out, F7 (Flyball, 78D)
Batting: RHB António Gonzáles 0-0: Ball
1-0: Ball
2-0: Fly out, F7 (Flyball, 7LS)
Top of the 1st over - 0 run(s), 1 hit(s), 0 error(s), 2 left on base; Plymouth 0 - Boston 0
BOTTOM OF THE 1ST
Boston Rebels batting - Pitching for Plymouth Rocks : RHP José Martínez
Pitching: RHP José Martínez
Batting: LHB Bill Wilson 0-0: Swinging Strike
0-1: Ball
1-1: Ball
2-1: Foul Ball, location: 2F
2-2: Strikes out looking
Batting: LHB Stanley Mullins 0-0: Swinging Strike
0-1: Foul Ball, location: 2F
0-2: Ball
1-2: Ball
2-2: Foul Ball, location: 2F
2-2: Strikes out looking
Batting: LHB Ricardo Brandariz 0-0: Called Strike
0-1: Swinging Strike
0-2: Ball
1-2: Ground out 6-3 (Groundball, 6M)
Bottom of the 1st over - 0 run(s), 0 hit(s), 0 error(s), 0 left on base; Plymouth 0 - Boston 0
TOP OF THE 2ND
Plymouth Rocks batting - Pitching for Boston Rebels : LHP José Hidalgo
Batting: LHB Barrett Waters 0-0: Ball
1-0: Foul Ball, location: 2F
1-1: Foul Ball, location: 2F
1-2: SINGLE (Popup, 7S)
Batting: RHB Jorge Jiménez 0-0: Ball
Barrett Waters is caught stealing 2nd base
1-0: Ball
2-0: Foul Ball, location: 2F
2-1: Foul Ball, location: 2F
2-2: SINGLE (Line Drive, 4M)
Batting: RHB Ray Yates 0-0: Ball
1-0: Grounds into double play, U6-3 (Groundball, 6M)
Top of the 2nd over - 0 run(s), 2 hit(s), 0 error(s), 0 left on base; Plymouth 0 - Boston 0
BOTTOM OF THE 2ND
Boston Rebels batting - Pitching for Plymouth Rocks : RHP José Martínez
Batting: LHB Lorenzo Flores 0-0: Called Strike
0-1: Ball
1-1: Ball
2-1: Called Strike
2-2: Ball
3-2: Fly out, F6 (Popup, 6MD)
Batting: SHB Javier Villegas 0-0: Ball
1-0: Called Strike
1-1: Swinging Strike
1-2: Ball
2-2: Ball
3-2: Fly out, F9 (Flyball, 8RM)
Batting: RHB Roberto Chávez 0-0: Ball
1-0: Ground out 6-3 (Groundball, 6M)
Bottom of the 2nd over - 0 run(s), 0 hit(s), 0 error(s), 0 left on base; Plymouth 0 - Boston 0
TOP OF THE 3RD
Plymouth Rocks batting - Pitching for Boston Rebels : LHP José Hidalgo
Batting: RHB Andrés Lara 0-0: Called Strike
0-1: Foul Ball, location: 2F
0-2: Fly out, F3 (Popup, 3L)
Batting: RHB José Flores 0-0: Ball
1-0: Swinging Strike
1-1: Called Strike
1-2: Ball
2-2: Foul Ball, location: 2F
2-2: Strikes out swinging
Batting: RHB António Zúńiga 0-0: Called Strike
0-1: Foul Ball, location: 2F
0-2: SINGLE (Line Drive, 6MD)
Batting: LHB Roy Patrick 0-0: Called Strike
0-1: Ball
António Zúńiga is caught stealing 2nd base
Top of the 3rd over - 0 run(s), 1 hit(s), 0 error(s), 0 left on base; Plymouth 0 - Boston 0
BOTTOM OF THE 3RD
Boston Rebels batting - Pitching for Plymouth Rocks : RHP José Martínez
Batting: RHB Ronnie Brown 0-0: Ball
1-0: Ball
2-0: Ground out 5-3 (Groundball, 56)
Batting: RHB Clancy Booker 0-0: Foul Ball, location: 2F
0-1: Called Strike
0-2: Foul Ball, location: 2F
0-2: Strikes out swinging
Batting: RHB Rubén Matos 0-0: Called Strike
0-1: Ground out 4-3 (Groundball, 4)
Bottom of the 3rd over - 0 run(s), 0 hit(s), 0 error(s), 0 left on base; Plymouth 0 - Boston 0
TOP OF THE 4TH
Plymouth Rocks batting - Pitching for Boston Rebels : LHP José Hidalgo
Batting: LHB Roy Patrick 0-0: TRIPLE (Line Drive, 78D)
Batting: SHB Greg Welch 0-0: 2-RUN HOME RUN (Flyball, 7D), Distance : 431 ft
Batting: RHB António Gonzáles 0-0: Called Strike
0-1: Ball
1-1: Ball
2-1: Foul Ball, location: 2F
2-2: Strikes out looking
Batting: LHB Barrett Waters 0-0: Foul Ball, location: 2F
0-1: Ball
1-1: Bunted foul
1-2: SINGLE (Groundball, 4MD) (infield hit)
Batting: RHB Jorge Jiménez 0-0: Ball
1-0: Foul Ball, location: 2F
1-1: Foul Ball, location: 2F
1-2: Ground out 3-1 (Groundball, 34)
Barrett Waters to second
Batting: RHB Ray Yates 0-0: Ball
1-0: Ball
2-0: Swinging Strike
2-1: Swinging Strike
2-2: Ground out 5-3 (Groundball, 5)
Top of the 4th over - 2 run(s), 3 hit(s), 0 error(s), 1 left on base; Plymouth 2 - Boston 0
BOTTOM OF THE 4TH
Boston Rebels batting - Pitching for Plymouth Rocks : RHP José Martínez
Batting: LHB Bill Wilson 0-0: Foul Ball, location: 2F
0-1: Bunted foul
0-2: Foul Ball, location: 2F
0-2: Fly out, F7 (Flyball, 7S)
Batting: LHB Stanley Mullins 0-0: Ball
1-0: SINGLE (Flyball, 8RS)
Batting: LHB Ricardo Brandariz 0-0: Ball
1-0: Called Strike
1-1: Ball
2-1: Called Strike
2-2: Strikes out swinging
Batting: LHB Lorenzo Flores 0-0: Ball
1-0: DOUBLE (Line Drive, 3D)
Stanley Mullins to third
Runner from 3rd tries for Home, SAFE, no throw or cutoff
Batting: SHB Javier Villegas 0-0: Swinging Strike
0-1: Called Strike
0-2: Ground out U3 (Groundball, 3L)
Bottom of the 4th over - 1 run(s), 2 hit(s), 0 error(s), 1 left on base; Plymouth 2 - Boston 1
TOP OF THE 5TH
Plymouth Rocks batting - Pitching for Boston Rebels : LHP José Hidalgo
Batting: RHB Andrés Lara 0-0: Ball
1-0: Called Strike
1-1: Called Strike
1-2: Strikes out looking
Batting: RHB José Flores 0-0: Swinging Strike
0-1: Swinging Strike
0-2: Ball
1-2: Strikes out swinging
Batting: RHB António Zúńiga 0-0: Fly out, F8 (Flyball, 8RXD)
Top of the 5th over - 0 run(s), 0 hit(s), 0 error(s), 0 left on base; Plymouth 2 - Boston 1
BOTTOM OF THE 5TH
Boston Rebels batting - Pitching for Plymouth Rocks : RHP José Martínez
Batting: RHB Roberto Chávez 0-0: Called Strike
0-1: Called Strike
0-2: Ball
1-2: Fly out, F8 (Flyball, 8RD)
Batting: RHB Ronnie Brown 0-0: Called Strike
0-1: Foul Ball, location: 2F
0-2: Ground out 5-3 (Groundball, 56)
Batting: RHB Clancy Booker 0-0: Ball
1-0: Ball
2-0: Ball
3-0: Called Strike
3-1: SINGLE (Groundball, 56D)
Batting: RHB Rubén Matos 0-0: Ball
1-0: Swinging Strike
1-1: Ball
2-1: Swinging Strike
2-2: Strikes out swinging
Bottom of the 5th over - 0 run(s), 1 hit(s), 0 error(s), 1 left on base; Plymouth 2 - Boston 1
TOP OF THE 6TH
Plymouth Rocks batting - Pitching for Boston Rebels : LHP José Hidalgo
Batting: LHB Roy Patrick 0-0: Ball
1-0: Ground out 4-3 (Groundball, 34)
Batting: SHB Greg Welch 0-0: Called Strike
0-1: Foul Ball, location: 2F
0-2: Ball
1-2: Foul Ball, location: 2F
1-2: Foul Ball, location: 2F
1-2: DOUBLE (Line Drive, 3L)
Batting: RHB António Gonzáles 0-0: Foul Ball, location: 2F
0-1: Ground out 6-3 (Groundball, 6)
Batting: LHB Barrett Waters 0-0: Called Strike
0-1: Ground out 4-3 (Groundball, 13)
Top of the 6th over - 0 run(s), 1 hit(s), 0 error(s), 1 left on base; Plymouth 2 - Boston 1
BOTTOM OF THE 6TH
Boston Rebels batting - Pitching for Plymouth Rocks : RHP José Martínez
Batting: LHB Bill Wilson 0-0: Called Strike
0-1: Foul Ball, location: 2F
0-2: Strikes out swinging
Batting: LHB Stanley Mullins 0-0: Ball
1-0: Foul Ball, location: 2F
1-1: Foul Ball, location: 2F
1-2: Ball
2-2: SINGLE (Line Drive, 78S)
Batting: LHB Ricardo Brandariz 0-0: Ball
1-0: Called Strike
Stanley Mullins is caught stealing 2nd base
1-1: SINGLE (Line Drive, 6)
Batting: LHB Lorenzo Flores 0-0: Called Strike
Ricardo Brandariz steals 2nd base
0-1: Called Strike
0-2: Strikes out looking
Bottom of the 6th over - 0 run(s), 2 hit(s), 0 error(s), 1 left on base; Plymouth 2 - Boston 1
TOP OF THE 7TH
Plymouth Rocks batting - Pitching for Boston Rebels : LHP José Hidalgo
Batting: RHB Jorge Jiménez 0-0: Foul Ball, location: 2F
0-1: Ball
1-1: Called Strike
1-2: Strikes out swinging
Batting: RHB Ray Yates 0-0: Ground out 6-3 (Groundball, 6M)
Batting: RHB Andrés Lara 0-0: Ball
1-0: Called Strike
1-1: Foul Ball, location: 2F
1-2: Ball
2-2: SINGLE (Line Drive, 8LS)
Batting: RHB José Flores 0-0: Called Strike
0-1: Ball
1-1: Fielders Choice at 2nd, U4 (Groundball, 4M)
Top of the 7th over - 0 run(s), 1 hit(s), 0 error(s), 1 left on base; Plymouth 2 - Boston 1
BOTTOM OF THE 7TH
Boston Rebels batting - Pitching for Plymouth Rocks : RHP José Martínez
Batting: SHB Javier Villegas 0-0: Ball
1-0: Ball
2-0: Ball
3-0: Called Strike
3-1: Called Strike
3-2: Foul Ball, location: 2F
3-2: Base on Balls
Pitching: RHP Scotty Johnson
Pinch Hitting: LHB Jeff Gordon 0-0: Sac Bunt - play at first, batter OUT! 2-3
Javier Villegas to second
Batting: RHB Ronnie Brown 0-0: Called Strike
0-1: Fly out, F9 (Flyball, 9LM)
Batting: RHB Clancy Booker 0-0: SINGLE (Groundball, 56D)
Javier Villegas to third
Runner from 3rd tries for Home, SAFE, no throw or cutoff
Batting: RHB Rubén Matos 0-0: Ball
1-0: Ball
Clancy Booker steals 2nd base
2-0: SINGLE (Groundball, 6D)
Clancy Booker to third
Runner from 3rd tries for Home, SAFE, no throw or cutoff
Pitching: LHP Carl Lewis
Batting: LHB Bill Wilson 0-0: Hit by Pitch
Rubén Matos to second
Batting: LHB Stanley Mullins 0-0: Foul Ball, location: 2F
0-1: Fly out, F5 (Line Drive, 56)
Bottom of the 7th over - 2 run(s), 2 hit(s), 0 error(s), 2 left on base; Plymouth 2 - Boston 3
TOP OF THE 8TH
Plymouth Rocks batting - Pitching for Boston Rebels : LHP José Hidalgo
Pitching: RHP Alberto Bonilla
Now at 2B: Felipe Olivas
Batting: RHB António Zúńiga 0-0: Ball
1-0: Ball
2-0: Called Strike
2-1: Ground out 5-3 (Groundball, 56S)
Pitching: RHP Tony Rocha
Batting: LHB Roy Patrick 0-0: Ball
1-0: Ball
2-0: Foul Ball, location: 2F
2-1: Called Strike
2-2: Ball
3-2: Ground out 5-3 (Groundball, 5)
Batting: SHB Greg Welch 0-0: Swinging Strike
0-1: Ball
1-1: Ball
2-1: DOUBLE (Line Drive, 7LS)
Batting: RHB António Gonzáles 0-0: Called Strike
0-1: Ball
1-1: Called Strike
1-2: Foul Ball, location: 2F
1-2: Ball
2-2: Ball
3-2: DOUBLE (Line Drive, 7LS)
Greg Welch scores
Batting: LHB Barrett Waters 0-0: Ball
1-0: Foul Ball, location: 2F
1-1: Ball
2-1: Ball
3-1: Called Strike
3-2: Base on Balls
Pinch Hitting: LHB Roger Moore 0-0: Foul Ball, location: 2F
0-1: Swinging Strike
0-2: Ball
1-2: Ball
2-2: Ball
3-2: Foul Ball, location: 2F
3-2: DOUBLE (Flyball, 8LXD)
António Gonzáles scores
Barrett Waters to third
Barrett Waters scores
Pitching: RHP Mark MacGruder
Batting: RHB Ray Yates 0-0: Ball
1-0: Ball
2-0: Ball
3-0: Called Strike
3-1: Base on Balls
Pinch Hitting: LHB Frank Geddes 0-0: Called Strike
0-1: Called Strike
0-2: Ball
1-2: Ball
2-2: Ground out 4-3 (Groundball, 4)
Top of the 8th over - 3 run(s), 3 hit(s), 0 error(s), 2 left on base; Plymouth 5 - Boston 3
BOTTOM OF THE 8TH
Boston Rebels batting - Pitching for Plymouth Rocks : LHP Carl Lewis
Now at 1B: Alberto Hernández
Now in RF: Roger Moore
Batting: LHB Ricardo Brandariz 0-0: Ball
1-0: Foul Ball, location: 2F
1-1: Swinging Strike
1-2: Fly out, F8 (Flyball, 8RD)
Pitching: RHP Luis Cortéz
Batting: LHB Lorenzo Flores 0-0: Called Strike
0-1: Ground out 4-3 (Groundball, 4)
Batting: SHB Javier Villegas 0-0: Called Strike
0-1: Fly out, F6 (Popup, 6M)
Bottom of the 8th over - 0 run(s), 0 hit(s), 0 error(s), 0 left on base; Plymouth 5 - Boston 3
TOP OF THE 9TH
Plymouth Rocks batting - Pitching for Boston Rebels : RHP Mark MacGruder
Batting: RHB José Flores 0-0: Ball
1-0: DOUBLE (Flyball, 78XD)
Batting: RHB António Zúńiga 0-0: Called Strike
0-1: Ball
1-1: SINGLE (Groundball, 13) (infield hit)
José Flores to third
Batting: LHB Roy Patrick 0-0: Ball
1-0: Ball
2-0: Ball
3-0: Called Strike
3-1: Foul Ball, location: 2F
3-2: Base on Balls
António Zúńiga to second
Batting: SHB Greg Welch 0-0: Swinging Strike
0-1: Ball
1-1: Grounds into fielders choice 4-2 (Groundball, 4M)
António Zúńiga to third
Roy Patrick to second
Batting: RHB António Gonzáles 0-0: Ball
1-0: Swinging Strike
1-1: SINGLE (Flyball, 78M)
António Zúńiga scores
Roy Patrick to third
Greg Welch to second
Runner from 3rd tries for Home, SAFE, no throw or cutoff
Batting: LHB Barrett Waters 0-0: Ball
1-0: Foul Ball, location: 2F
1-1: Ball
2-1: Swinging Strike
2-2: Fielders Choice at 2nd, 4-6 (Groundball, 4)
Greg Welch to third
Batting: LHB Roger Moore 0-0: Ground out U3 (Groundball, 3S)
Top of the 9th over - 2 run(s), 3 hit(s), 0 error(s), 2 left on base; Plymouth 7 - Boston 3
BOTTOM OF THE 9TH
Boston Rebels batting - Pitching for Plymouth Rocks : RHP Luis Cortéz
Pitching: RHP Scot MacIntosh
Batting: RHB Felipe Olivas 0-0: Called Strike
0-1: Ball
1-1: Ground out 5-3 (Groundball, 5S)
Batting: RHB Ronnie Brown 0-0: Swinging Strike
0-1: Called Strike
0-2: Foul Ball, location: 2F
0-2: Ball
1-2: Ball
2-2: Ball
3-2: Foul Ball, location: 2F
3-2: SINGLE (Line Drive, 9S)
Batting: RHB Clancy Booker 0-0: Ball
1-0: Fly out, F6 (Line Drive, 6)
Batting: RHB Rubén Matos 0-0: Foul Ball, location: 2F
0-1: Swinging Strike
0-2: Ball
1-2: Ball
2-2: Ground out 6-3 (Groundball, 6)
Bottom of the 9th over - 0 run(s), 1 hit(s), 0 error(s), 1 left on base; Plymouth 7 - Boston 3
Monday, December 5th, 2016 - OOTP Baseball 17.12 Build 75